 Dungeon Crawl Stone Soup version 0.28.0-53-g5a82cb258f (webtiles) character file.

Game seed: 12313649256212919256

1269 safid the Cleaver (level 8, 0/50 (66) HPs)
             Began as a Hill Orc Fighter on Aug 12, 2022.
             Was an Initiate of Beogh.
             Slain by a wight
             ... wielding a +3 dire flail
              (3 damage)
             ... on level 5 of the Dungeon.
             The game lasted 00:09:09 (6604 turns).

safid the Cleaver (Hill Orc Fighter)                Turns: 6604, Time: 00:09:10

HP:   0/50 (66)     AC: 11    Str: 21    XL:     8   Next: 53%
MP:   8/8           EV:  7    Int:  8    God:    Beogh [......]
Gold: 303           SH:  4    Dex: 10    Spells: 7/7 levels left

rFire   . . .      SeeInvis .   a - +0 war axe
rCold   . . .      Faith    .   c - +0 buckler
rNeg    . . .      Spirit   .   p - +0 chain mail
rPois   .          Reflect  .   h - +0 helmet
rElec   .          Harm     .   i - +0 cloak
rCorr   .          Rampage  .   (no gloves)
Will    .....                   (no boots)
Stlth   ..........              s - amulet of the acrobat
HPRegen 0.16/turn               (no ring)
MPRegen 0.11/turn               (no ring)

@: flying, heavily drained
A: no striking features
a: Renounce Religion


You were on level 5 of the Dungeon.
You worshipped Beogh.
Beogh was noncommittal.
You visited 1 branch of the dungeon, and saw 6 of its levels.
You also visited: Ossuary.

You collected 303 gold pieces.

Inventory:

Hand Weapons
 a - a +0 war axe (weapon)
Missiles
 r - a javelin (quivered)
Armour
 c - a +0 buckler (worn)
 h - a +0 helmet (worn)
 i - a +0 cloak (worn)
 p - a +0 chain mail (worn)
Jewellery
 s - an amulet of the acrobat (around neck)
Scrolls
 d - a scroll of summoning {unknown}
 e - 8 scrolls of identify {unknown}
 f - 3 scrolls of magic mapping
 j - a scroll of silence {unknown}
 k - 2 scrolls of vulnerability {unknown}
 l - 3 scrolls of amnesia {unknown}
 m - 2 scrolls of enchant weapon {unknown}
 n - 4 scrolls of teleportation {unknown}
 o - a scroll of enchant armour {unknown}
 v - 6 scrolls of noise
 y - 2 scrolls of fear {unknown}
 z - 2 scrolls of fog {unknown}
 A - a scroll of brand weapon {unknown}
Potions
 b - 2 potions of flight
 g - 3 potions of curing {unknown}
 q - a potion of invisibility {unknown}
 t - 2 potions of mutation
 u - a potion of cancellation {unknown}
 w - a potion of heal wounds {unknown}
 x - a potion of attraction {unknown}
 B - a potion of berserk rage {unknown}
 C - a potion of magic {unknown}
 D - a potion of might
 E - a potion of ambrosia {unknown}
 F - 2 potions of resistance {unknown}


   Skills:
 - Level 4.0 Fighting
 + Level 12.5 Axes
 - Level 4.0 Armour
 - Level 4.0 Shields


You had 7 spell levels left.
You didn't know any spells.
Your spell library contained the following spells:

 Spells                   Type           Power      Damage    Failure   Level
 Corpse Rot               Necr/Air       0%         N/A       100%        2
 Poisonous Vapours        Pois/Air       0%         N/A       100%        2


Dungeon Overview and Level Annotations

Branches:
Dungeon (6/15)             Temple (0/1) D:5         Ossuary (visited)

Altars:
Qazlal
Zin

Shops:
D:5 *


Message History

The wight hits you with a +3 dire flail!
There is a stone staircase leading up, spattered with blood here.
The orc priest barely misses the wight.
The wight closely misses you.
The wight hits you from afar with a +0 vorpal halberd.
You feel drained. You block the wight's attack.
You climb upwards.
There is a stone staircase leading down here.
Unknown command.
You barely miss the wight. You hit the wight. The wight barely misses you.
The wight closely misses you.
You barely miss the wight. x2; You block the wight's attack.
The wight hits you with a +3 dire flail!
You feel drained.
Unknown command.
You barely miss the wight.
The wight is moderately damaged.
You completely miss the wight. The wight barely misses you.
Unknown command.
You closely miss the wight.
The wight is moderately damaged.
You hit the wight.
The wight hits you with a +3 dire flail!
You block the wight's attack.
Unknown command.
You barely miss the wight.
The wight is moderately damaged.
You hit the wight but do no damage.
The wight hits you with a +3 dire flail!
* * * LOW HITPOINT WARNING * * *
You block the wight's attack.
Unknown command.
The wight completely misses you.
As you read the scroll labelled NAENIJ YZISSOYKEDU, it crumbles to dust.
You feel momentarily disoriented.
It was a scroll of magic mapping.
The wight closely misses you.
It was a potion of flight.
You feel very buoyant.
You fly up into the air.
The wight hits you with a +3 dire flail.
You die...

#......# #......#
####......#
###.##......###
#..........)..#
..#.###.###.#.#
#...#.........#
#...#.#.###.######
#.∩.....# #.####@#
#.#...### #.##.#z#
#.#.###.###.##.#z###
..............>....#
........###....#####
.######.# #.#..# .#
#.###....# .##
#....##.### ..#
####.##...#


You could see 2 wights.

Vanquished Creatures
  A water moccasin (D:4)
  A sky beast (D:5)
  An ice beast (D:5)
  2 phantoms
  A scorpion (D:4)
  2 water moccasin skeletons
  A wight (D:6)
  A centaur zombie (D:5)
  3 hounds
  A gnoll shaman (D:5)
  A human zombie (Ossuary)
  A jelly (D:3)
  3 bullfrog skeletons
  3 iguanas
  An orc wizard (D:6)
  A hound skeleton (D:5)
  4 mummies
  5 adders
  3 gnolls (D:5)
  A worm (D:4)
  A dart slug (D:4)
  12 orcs
  5 ball pythons
  4 bats
  3 endoplasms
  4 giant cockroaches
  5 goblins
  2 hobgoblins (D:2)
  8 jackals
  8 kobolds
  8 quokkas
  2 frilled lizards (D:1)
  2 gnoll zombies (Ossuary)
  A goblin zombie (Ossuary)
  A kobold zombie (Ossuary)
  3 orc zombies (Ossuary)
  3 rats
109 creatures vanquished.

Vanquished Creatures (others)
  An orc warrior (D:6)
1 creature vanquished.

Grand Total: 110 creatures vanquished

Notes
Turn   | Place    | Note
-------+----------+-------------------------------------------
     0 | D:1      | safid the Hill Orc Fighter began the quest for the Orb.
     0 | D:1      | Reached XP level 1. HP: 19/19 MP: 1/1
   439 | D:1      | Reached skill level 3 in Axes
   439 | D:1      | Reached XP level 2. HP: 23/27 MP: 2/2
   684 | D:1      | Found a faded altar of an unknown god.
  1122 | D:1      | Reached XP level 3. HP: 31/33 MP: 3/3
  2173 | D:3      | Reached skill level 4 in Axes
  2173 | D:3      | Reached XP level 4. HP: 9/40 MP: 4/4
  2832 | D:3      | Reached skill level 5 in Axes
  2842 | D:3      | Found a glowing silver altar of Zin.
  2843 | D:3      | Found a stormy altar of Qazlal.
  3187 | D:4      | Reached XP level 5. HP: 40/46 MP: 5/5
  3298 | D:4      | Reached skill level 6 in Axes
  3361 | D:4      | Noticed a phantom
  3369 | D:4      | Killed a phantom
  3370 | D:4      | Reached skill level 7 in Axes
  3370 | D:4      | Reached XP level 6. HP: 42/52 MP: 6/6
  3868 | D:5      | Entered Level 5 of the Dungeon
  3868 | D:5      | Noticed an ice beast
  3971 | D:5      | Killed an ice beast
  3972 | D:5      | Reached skill level 8 in Axes
  3972 | D:5      | Reached XP level 7. HP: 43/59 MP: 7/7
  4096 | D:4      | Reached skill level 9 in Axes
  4528 | D:5      | Reached skill level 10 in Axes
  4923 | D:5      | Reached skill level 11 in Axes
  4923 | D:5      | Reached XP level 8. HP: 53/66 MP: 8/8
  5049 | D:5      | Found Quroq's Lightly-Used Armoury.
  5145 | D:5      | Found a staircase to the Ecumenical Temple.
  5461 | D:6      | Found a sand-covered staircase.
  5475 | Ossuary  | Entered an ossuary
  5592 | Ossuary  | Reached skill level 12 in Axes
  6057 | D:6      | Became a worshipper of Beogh the Brigand
  6598 | D:5      | HP: 2/50 [wight/+3 dire flail (14)]
  6604 | D:5      | Slain by a wight

Illustrated notes

Levels and vault maps discovered:
D:1:      minmay_arrival_jagged, layout_loops_cross,
          ebering_ecumenical_altar_ruins
D:2:      layout_loops_cross, serial_glass, glass_columns_c, glass_columns_a,
          serial_park_tiny_2, grunt_ministairs_14, minmay_tripent
D:3:      layout_rooms, chequers_temple_overflow_statue_of_worship, minivault_5,
          kennysheep_generic_room_13
D:4:      layout_basic
D:5:      layout_basic, minmay_temple_entry_overgrown, minmay_shop_damaged
D:6:      layout_basic, gup_ossuary_entry_pyramid, minivault_24

Skill      XL: |  1  2  3  4  5  6  7  8 |
---------------+-------------------------+-----
Axes           | 3 4 5 7 8 11 12 | 12.5
Fighting       | 4 |  4.0
Armour         | 4 |  4.0
Shields        | 4 |  4.0

Action                   |  1- 3 |  4- 6 |  7- 9 || total
-------------------------+-------+-------+-------++-------
Melee: War axe           |   130 |    75 |   193 ||   398
Throw: Javelin           |       |       |     3 ||     3
Invok: Convert to Beogh  |       |       |     1 ||     1
  Use: Potion            |       |     1 |     1 ||     2
       Scroll            |       |       |     1 ||     1
Armor: Scale mail        |    78 |    17 |       ||    95
       Chain mail        |       |    32 |    74 ||   106
Dodge: Dodged            |    64 |    22 |    55 ||   141
Block: Buckler           |    31 |    15 |    36 ||    82
